 Dungeon Crawl Stone Soup version 0.23.1 (console) character file.

Game seed: 4891558636310763420

320 fly the Changer (level 6, -4/38 HPs)
             Began as an Octopode Transmuter on Mar 17, 2019.
             Killed from afar by an orc wizard (8 damage)
             ... with a puff of flame
             ... on level 3 of the Dungeon.
             The game lasted 00:07:28 (4586 turns).

fly the Changer (Octopode Transmuter)               Turns: 4586, Time: 00:07:28

Health: -4/38      AC:  1    Str: 11    XL:     6   Next: 46%
Magic:  2/10       EV: 13    Int: 16    God:
Gold:   202        SH:  0    Dex: 12    Spells: 1/11 levels left

rFire    . . .     SeeInvis .   a - +1 dagger (venom)
rCold    . . .     Gourm    +   (no shield)
rNeg     . . .     Faith    .   (helmet restricted)
rPois    .         Spirit   .   h - amulet of the gourmand
rElec    .         Reflect  .   p - ring of protection from magic
rCorr    .         Harm     .   (no ring)
MR       +....                  (no ring)
Stlth    ++........             (no ring)
HPRegen  0.12/turn              (no ring)
MPRegen  0.12/turn              (no ring)
                                (no ring)
                                (no ring)

@: no status effects
A: almost no armour, stealthy swim, amphibious, 8 rings, constrict 8, camouflage
1, gelatinous body 1
a: no special abilities


You were on level 3 of the Dungeon.
You were very full.

You visited 1 branch of the dungeon, and saw 4 of its levels.

You collected 202 gold pieces.

Inventory:

Hand Weapons
 a - a +1 dagger of venom (weapon)
 b - a +3 quarterstaff of chaos
Missiles
 r - 66 arrows
Jewellery
 h - an amulet of the gourmand (around mantle)
 p - a ring of protection from magic (left tentacle)
 t - an uncursed ring of see invisible {unknown}
Wands
 w - a wand of random effects (19)
Scrolls
 d - 2 scrolls of amnesia {unknown}
 e - 3 scrolls of fog {unknown}
 j - 5 scrolls of teleportation {unknown}
 l - a scroll of fear {unknown}
 o - 2 scrolls of identify {unknown}
 q - a scroll of random uselessness {unknown}
 s - a scroll of magic mapping {unknown}
Potions
 f - 3 potions of curing {unknown}
 g - a potion of cancellation {unknown}
 i - a potion of lignification {unknown}
 k - a potion of flight {unknown}
 m - 2 potions of haste {unknown}
 n - 2 potions of ambrosia {unknown}
 u - 2 potions of invisibility {unknown}
 v - a potion of degeneration {unknown}
 y - a potion of heal wounds {unknown}
Comestibles
 c - 7 rations


   Skills:
 - Level 1.0 Fighting
 - Level 2.0 Dodging
 - Level 3.0 Unarmed Combat
 + Level 3.2 Spellcasting
 - Level 6.0 Transmutations


You had one spell level left.
You knew the following spells:

 Your Spells              Type           Power        Failure   Level  Hunger
c - Ice Form              Ice/Tmut       ##......     47%         4    ####...
n - Sticks to Snakes      Tmut           ###.....     2%          2    ##.....
s - Spider Form           Tmut/Pois      ##........   16%         3    ###....
z - Beastly Appendage     Tmut           ###...       1%          1    None

Your spell library contained the following spells:

 Spells                   Type           Power        Failure   Level  Hunger
 Blade Hands              Tmut           ###.......   41%         5    ######.


Dungeon Overview and Level Annotations

Branches:
Dungeon (4/15)
 Temple: D:4-7

Altars:
Dithmenos
Fedhas
Gozag


Innate Abilities, Weirdness & Mutations

You cannot wear most types of armour.
You are very stealthy in the water. (Stealth+)
You are amphibious.
You can wear up to eight rings at the same time.
You can use your tentacles to constrict eight enemies at once.
Your skin changes colour to match your surroundings (Stealth+).
Your rubbery body absorbs attacks. (AC +1, EV +1)


Message History

Your adder barely misses something.
The howler monkey hits your ball python.
Your ball python dies!
Your adder closely misses something.
Something hits you.
Your adder barely misses something.
Your adder bites the howler monkey.
An adder comes into view.
There is a stone staircase leading up here.
You hear some strange, mumbled words.
A puff of flame appears from out of thin air!
The puff of flame hits you!
* * * LOW HITPOINT WARNING * * *
You climb upwards.
Reactivating autopickup.
There is a stone staircase leading down here.
You hear some strange, mumbled words.
A puff of flame appears from out of thin air!
Deactivating autopickup; reactivate with Ctrl-A.
The puff of flame hits you!
You die...

#.## ##.....###)#####..#
#.# ##...## #........# #.#
##'## #######.## #.# #.#
#.# #.# #.# #.# #.# ##.##
#.# #.# ##...## #.#
#.########..>..# #.#
#.......###..@### #.#
#######.........########.#
#..###.............#
#......##.##########
##.###.##.# #.###.##.#
#........# #####.#####
########### #......####


There were no monsters in sight!

Vanquished Creatures
  Crazy Yiuf (D:3)
  An orc wizard (D:4)
  Jessica (D:2)
  Terence (D:2)
  10 adders
  A howler monkey skeleton (D:4)
  2 oozes
  3 worms
  2 dart slugs
  A leopard gecko (D:1)
  A ball python (D:3)
  4 giant cockroaches
  8 hobgoblins
  10 jackals
  4 bats
  7 frilled lizards
  17 goblins
  6 kobolds
  A quokka skeleton (D:4)
  12 rats
93 creatures vanquished.

Vanquished Creatures (collateral kills)
  Robin (D:2)
  An orc (D:4)
  A giant cockroach (D:2)
  5 goblins
  2 hobgoblins (D:2)
  3 jackals (D:2)
  A frilled lizard (D:2)
14 creatures vanquished.

Grand Total: 107 creatures vanquished

Notes
Turn   | Place    | Note
-------+----------+-------------------------------------------
     0 | D:1      | fly the Octopode Transmuter began the quest for the Orb.
     0 | D:1      | Reached XP level 1. HP: 13/13 MP: 3/3
   370 | D:1      | Reached XP level 2. HP: 8/18 MP: 3/5
   685 | D:1      | Reached skill level 3 in Transmutations
   908 | D:1      | Learned a level 2 spell: Sticks to Snakes
  1310 | D:2      | Reached XP level 3. HP: 20/23 MP: 1/6
  1893 | D:2      | Reached skill level 4 in Transmutations
  1934 | D:2      | Found a blossoming altar of Fedhas.
  1944 | D:2      | Reached XP level 4. HP: 12/28 MP: 5/7
  2215 | D:2      | Learned a level 3 spell: Spider Form
  2392 | D:2      | Noticed Jessica
  2400 | D:2      | Killed Jessica
  2506 | D:2      | Noticed Terence
  2516 | D:2      | Killed Terence
  2516 | D:2      | Reached skill level 5 in Transmutations
  2516 | D:2      | Reached XP level 5. HP: 24/33 MP: 8/8
  2543 | D:2      | Noticed Robin
  2579 | D:2      | Killed Robin
  3200 | D:3      | Found an opulent altar of Gozag.
  3310 | D:3      | Found a shadowy altar of Dithmenos.
  3587 | D:3      | Reached skill level 6 in Transmutations
  3595 | D:3      | Reached XP level 6. HP: 23/38 MP: 9/9
  4023 | D:3      | Found a runed translucent door.
  4024 | D:3      | Noticed Crazy Yiuf
  4288 | D:3      | Killed Crazy Yiuf
  4443 | D:4      | Learned a level 4 spell: Ice Form
  4586 | D:3      | Killed from afar by an orc wizard

Skill      XL: |  1  2  3  4  5  6 |
---------------+-------------------+-----
Transmutations | 3 4 5 6 |  6.0
Spellcasting   | 3 |  3.2
Fighting       | |  1.0
Dodging        | |  2.0
Unarmed Combat | |  3.0

Action                   |  1- 3 |  4- 6 || total
-------------------------+-------+-------++-------
Melee: Unarmed           |    83 |     8 ||    91
       Constrict         |    22 |    40 ||    62
       Tentacles         |    13 |    28 ||    41
       Kick              |     9 |     5 ||    14
       Dagger            |       |   121 ||   121
       Punch             |       |     4 ||     4
 Cast: Beastly Appendage |    14 |     8 ||    22
       Sticks to Snakes  |     6 |    11 ||    17
       Spider Form       |       |     1 ||     1
 Stab: Sleeping          |     4 |     6 ||    10
  Eat: Chunk             |    13 |     8 ||    21
Armor: Skin              |     4 |    11 ||    15
Dodge: Dodged            |    39 |    78 ||   117
